AoeStats
← ThePurifier

Arabia

509772720Analyzed
1v1 RM · 6d ago on Sep 28, 2026· 40m 32s· 2 players
Game mode
Random Map
Map size
Tiny (2 player)
Population
200
Speed
Normal
Resources
Standard
Victory
Conquest
Starting age
Dark Age
Ending age
Imperial Age
RankedLock teamsTeams togetherTeam positionsShared explorationLock speedFull tech treeHidden civsTurbo modeCheats
Victory
Defeat
🇨🇴 Vietnamese · Colombia
1041
+17
🇦🇷 Mongols · Argentina
1055
-17
juanesrevera
8:13 Loom
10:09 Feudal Age
10:59 Double-Bit Axe
10:56 Horse Collar
16:31 Wheelbarrow
16:27 Town Watch
19:25 Castle Age
20:24 Bow Saw
20:16 Heavy Plow
21:49 Hand Cart
23:33 Gold Mining
24:24 Stone Mining
25:25 Fletching
26:12 Bodkin Arrow
26:23 Town Patrol
27:29 Forging
28:50 Pikeman
29:31 Squires
36:57 Imperial Age
34:40 Padded Archer Armor
40:20 Two-Man Saw
39:52 Crop Rotation
39:40 Chatras
40:05 Paper Money
40:00 Bloodlines
39:51 Husbandry
39:58 Scale Barding Armor
40:25 Bracer
ThePurifier
0:26 Loom
9:30 Feudal Age
10:02 Double-Bit Axe
19:30 Castle Age
18:56 Wheelbarrow
18:35 Scale Barding Armor
18:28 Gold Mining
20:29 Bloodlines
20:20 Husbandry
20:47 Chain Barding Armor
20:54 Forging
35:12 Stone Mining
41:15 Imperial Age
39:02 Hand Cart
38:41 Horse Collar
38:59 Fletching
39:51 Bodkin Arrow
40:01 Padded Archer Armor
Connection lost

Rejoining the realm…

Still unreachable

The connection could not be restored.

Session expired

The server has moved on; the page needs a fresh start.